 Dungeon Crawl Stone Soup version 0.24-a0-67-ga78bd38 (console) character file.

Game seed: 15396220556645582516

11 Duffy the Sneak (level 2, 22/22 HPs)
             Began as a Naga Fire Elementalist on Feb 5, 2019.
             Quit the game on level 1 of the Dungeon.
             The game lasted 00:00:46 (434 turns).

Duffy the Sneak (Naga Fire Elementalist)             Turns: 434, Time: 00:00:47

Health: 22/22      AC:  1    Str: 10    XL:     2   Next: 29%
Magic:  5/5        EV: 10    Int: 15    God:
Gold:   10         SH:  0    Dex: 11    Spells: 4/5 levels left

rFire    . . .     SeeInvis +   c - ration
rCold    . . .     Gourm    .   (no shield)
rNeg     . . .     Faith    .   a - +0 robe
rPois    +         Spirit   .   (no helmet)
rElec    .         Reflect  .   (no cloak)
rCorr    .         Harm     .   (no gloves)
MR       .....                  (no barding)
Stlth    ++........             (no amulet)
HPRegen  0.07/turn              (no ring)
MPRegen  0.09/turn              (no ring)

@: very slow
A: large, see invisible, deformed body, poison resistance, slowness 2, slow
metabolism 1, spit poison 1, AC +0
a: Spit Poison


You were on level 1 of the Dungeon.
You were not hungry.

You visited 1 branch of the dungeon, and saw 1 of its levels.

You collected 10 gold pieces.

Inventory:

Armour
 a - a +0 robe (worn)
Scrolls
 d - a scroll of teleportation {unknown}
 e - a scroll of remove curse {unknown}
Potions
 b - 3 potions of agility {unknown}
Comestibles
 c - a ration (in hand)


   Skills:
 - Level 1.5 Dodging
 - Level 3.0 Stealth
 - Level 2.0 Spellcasting
 + Level 2.2 Conjurations
 - Level 3.0 Fire Magic


You had 4 spell levels left.
You knew the following spells:

 Your Spells              Type           Power        Failure   Level  Hunger
h - Flame Tongue          Conj/Fire      #....        8%          1    #......

Your spell library contained the following spells:

 Spells                   Type           Power        Failure   Level  Hunger
 Throw Flame              Conj/Fire      #.....       12%         2    ###....
 Conjure Flame            Conj/Fire      #.......     22%         3    ###....
 Inner Flame              Hex/Fire       #.......     34%         3    ###....
 Sticky Flame             Conj/Fire      #.......     58%         4    #####..
 Fireball                 Conj/Fire      #.........   91%         5    ######.


Dungeon Overview and Level Annotations

Branches:
Dungeon (1/15)

Altars:


Innate Abilities, Weirdness & Mutations

You cannot wear boots.
Your serpentine skin is tough. (AC +0)
You have supernaturally acute eyesight. (SInv)
Armour fits poorly on your strangely shaped body.
Your system is resistant to poisons. (rPois)
You cover ground very slowly.
You have a slow metabolism.
You can spit poison.


Message History

You can't see any susceptible monsters within range! (Use Z to cast anyway.)
You see here a +0 dagger.
You have got your breath back.
All of the chunks of flesh in your inventory have rotted away.
You now have 10 gold pieces.
You see here a stone.
b - a pink potion
e - a scroll labeled MYLILL KATZOI
b - 3 pink potions (gained 2)
A goblin and a kobold come into view.
Found 15 stones.
There are monsters nearby!
The kobold shouts!
Save game and exit?
Welcome back, Duffy the Naga Fire Elementalist.
Press ? for a list of commands and other information.
Save game and exit?
Welcome back, Duffy the Naga Fire Elementalist.
Press ? for a list of commands and other information.
Are you sure you want to abandon this character and quit the game? (Confirm with "yes".)

. # .. .# ...#########.##
............... ..(............
...g...@..#.# ...#####.##.#
######....##
#.......####..........#
.......?..##..........#
..........##..........#..(.).....#
..........##..........#..........#
..........##..........#..........#
..........##..........#..........#


You could see a goblin (wandering).

Vanquished Creatures
  A leopard gecko (D:1)
  A goblin (D:1)
  A hobgoblin (D:1)
  2 jackals (D:1)
  3 bats (D:1)
  A kobold (D:1)
9 creatures vanquished.

Notes
Turn   | Place    | Note
-------+----------+-------------------------------------------
     0 | D:1      | Duffy the Naga Fire Elementalist began the quest for the
                  | Orb.
     0 | D:1      | Reached XP level 1. HP: 15/15 MP: 3/3
   161 | D:1      | Reached XP level 2. HP: 22/22 MP: 5/5
   434 | D:1      | Quit the game

Vault maps used:
D:1:      dpeg_arrival_long_road

Skill      XL: |  1 |
---------------+----+-----
Conjurations   | 2 |  2.2
Dodging        | |  1.5
Stealth        | |  3.0
Spellcasting   | |  2.0
Fire Magic     | |  3.0

Action                   || total
-------------------------++-------
 Cast: Flame Tongue      ||     6
 Abil: Spit Poison       ||     8
Armor: Robe              ||    12
Dodge: Dodged            ||    23

Table legend:
 A = Non-vault XP
 B = Vault XP
 C = Vault XP percentage of total XP
 D = Non-vault monster count
 E = Vault monster count
 F = Vault count percentage of total count
                 A         B        C        D         E       F
            +---------+---------+-------+---------+---------+-------
      Total |      17 |       0 |   0.0 |       9 |       0 |   0.0
            +---------+---------+-------+---------+---------+-------
        D:1 |      17 |       0 |   0.0 |       9 |       0 |   0.0
            +---------+---------+-------+---------+---------+-------
